 Dungeon Crawl Stone Soup version 0.21.1-1-g345015f (webtiles) character file.

12338 Hebeh the Severer (level 11, -14/97 HPs)
             Began as a Deep Dwarf Fighter on June 16, 2018.
             Was an Elder of Makhleb.
             Demolished by a minotaur
             ... wielding a +4 dagger of venom
              (16 damage)
             ... in a labyrinth.
             The game lasted 00:59:00 (8557 turns).

Hebeh the Severer (Deep Dwarf Fighter)              Turns: 8557, Time: 00:59:00

Health: -14/97     AC: 16    Str: 22    XL:     11   Next: 61%
Magic:  0/0        EV:  9    Int: 13    God:    Makhleb [****..]
Gold:   611        SH: 11    Dex: 10    Spells: 10/10 levels left

rFire    + + .     SeeInvis .   B - +0 mace
rCold    . . .     Gourm    .   c - +0 shield
rNeg     . . .     Faith    .   h - +3 ring mail
rPois    .         Spirit   .   u - +0 helmet
rElec    .         Reflect  .   E - +2 cloak
rCorr    .         Harm     +   s - +1 pair of gloves of Lethargy {rF+ Int+3 Dex-2 Slay+3}
MR       +....                  (no boots)
Stlth    ..........             I - amulet of harm
HPRegen  0.00/turn              q - ring of protection from fire
MPRegen  0.07/turn              (no ring)

@: lethally poisoned (-14 -> -14), non-regenerating
A: damage resistance, heal wounds, sense surroundings 2, no regeneration
a: Heal Wounds, Minor Destruction, Lesser Servant of Makhleb, Major Destruction,
Renounce Religion


You were in a labyrinth.
You worshipped Makhleb.
Makhleb was greatly pleased with you.
You were not hungry.

You visited 3 branches of the dungeon, and saw 12 of its levels.
You also visited: Labyrinth.

You collected 611 gold pieces.

Inventory:

Hand Weapons
 a - a +0 war axe
 B - a +0 mace (weapon)
 G - a +6 war axe of freezing
 O - a +1 hand axe of pain
Armour
 c - a +0 shield (worn)
 h - a +3 ring mail (worn)
 s - the +1 pair of gloves of Lethargy (worn) {rF+ Int+3 Dex-2 Slay+3}
   (You found it on level 9 of the Dungeon)

   It affects your intelligence (+3).
   It affects your dexterity (-2).
   It affects your accuracy and damage with ranged weapons and melee attacks
   (+3).
   It protects you from fire.
 u - a +0 helmet (worn)
 E - a +2 cloak (worn)
Magical Staves
 b - an uncursed staff of fire {unknown}
Jewellery
 p - an uncursed ring of magical power
 q - a ring of protection from fire (left hand)
 I - an amulet of harm (around neck)
 S - a +4 amulet of reflection {unknown}
Wands
 K - a wand of digging (14)
 L - a wand of disintegration (12)
Scrolls
 e - 2 scrolls of remove curse
 k - a scroll of amnesia {unknown}
 m - 3 scrolls of teleportation
 n - a scroll of silence {unknown}
 t - a scroll of immolation {unknown}
 x - a scroll of blinking {unknown}
 y - a scroll of brand weapon {unknown}
 H - a scroll of enchant armour {unknown}
 J - a scroll of identify
 P - a scroll of noise {unknown}
 Q - a scroll of holy word {unknown}
 U - a scroll of acquirement {unknown}
Potions
 d - 2 potions of might
 g - 3 potions of ambrosia {unknown}
 i - 4 potions of mutation {unknown}
 j - a potion of magic {unknown}
 l - a potion of invisibility {unknown}
 r - 4 potions of heal wounds {unknown}
 v - a potion of berserk rage {unknown}
 w - a potion of haste {unknown}
 z - 2 potions of agility {unknown}
 A - a potion of lignification {unknown}
 F - 4 potions of flight {unknown}
 N - a potion of degeneration {unknown}
 T - a potion of brilliance {unknown}
Books
 C - a book of Cantrips

   Spells                             Type                      Level
   a - Confusing Touch                Hexes                        1
   b - Animate Skeleton               Necromancy                   1
   c - Summon Small Mammal            Summoning                    1
   d - Apportation                    Translocation                1
 M - a book of Battle

   Spells                             Type                      Level
   a - Infusion                       Charms                       1
   b - Shroud of Golubria             Charms/Translocation         2
   c - Song of Slaying                Charms                       2
   d - Spectral Weapon                Hexes/Charms                 3
   e - Regeneration                   Charms/Necromancy            3
 R - a book of Misfortune

   Spells                             Type                      Level
   a - Confusing Touch                Hexes                        1
   b - Confuse                        Hexes                        3
   c - Gell's Gravitas                Translocation                3
   d - Petrify                        Transmutation/Earth          4
   e - Metabolic Englaciation         Hexes/Ice                    5
   f - Yara's Violent Unravelling     Hexes/Transmutation          5
Comestibles
 f - 25 rations


   Skills:
 + Level 6.0 Fighting
 - Level 16.0 Axes
 + Level 1.0(10.0) Maces & Flails
 + Level 7.4 Armour
 + Level 7.3 Shields
 + Level 1.4 Invocations
 + Level 1.4 Evocations


You had 10 spell levels left.
You didn't know any spells.

Dungeon Overview and Level Annotations

Branches:
Dungeon (9/15)             Temple (1/1) D:5            Lair (2/6) D:9
  Swamp: Lair:2-4    Shoals: Lair:2-4     Snake: Lair:2-4    Spider: Lair:2-4
    Orc: D:9-12

Altars:
Ashenzari
Cheibriados
Dithmenos
Elyvilon
Fedhas
Gozag
Hepliaklqana
Kikubaaqudgha
Makhleb
Nemelex Xobeh
Okawaru
Qazlal
Ru
Sif Muna
Trog
Uskayaw
Vehumet
Wu Jian
Xom
Yredelemnul
Zin
The Shining One

Annotations:
Lair:1 exclusion: 3 oklob plants


Innate Abilities, Weirdness & Mutations

You are resistant to damage.
You can heal yourself by infusing magical energy.
You passively map the area around you.
You do not regenerate.


Message History

* * * LOW HITPOINT WARNING * * *
Unknown command.
You don't have enough innate magic capacity.
You feel better.
The minotaur hits you with a dagger of venom!
* * * LOW HITPOINT WARNING * * *
You are poisoned.
The minotaur gores you but does no damage.
Okay, then.
Okay, then.
Evoke which item? (* to show all) (? for menu, Esc to quit)
Aiming: Disintegrate
Press: ? - help, Shift-Dir - straight line, f/p - minotaur
Aim: a minotaur, wielding a dagger of venom, wearing a robe and wearing a blackened wooden ring (lightly wounded, chance to defeat MR: 37%)
The minotaur resists with some effort.
* * * LOW HITPOINT WARNING * * *
You feel sick.
The minotaur hits you but does no damage.
The minotaur gores you!
You die...

. ..#. . .. .
### # . ### #
# . # .. . ..#
.# ### ####.#
# # # #.#.. ..
.
.#.#.###.#.#.#
. .#.....#.#.#
##
#.........###
#. ##@# ....#
# #8H8# ##.#
#...#..# ..
#8.8#..### #
#%."#....#
#8.8#..#. .
#:.=#..... #
#8<8# ## ###
#..


You could see a minotaur.

Vanquished Creatures
  Gastronok (D:8)
  Fannar (Lair:1)
  The ghost of Zorot the Fighter, a journeyman OpMo of Cheibriados (Lair:1)
  A two-headed ogre (D:9)
  The ghost of Hebeh the Chopper, a novice DDFi of Makhleb (D:6)
  A black mamba (Lair:1)
  Psyche (D:8)
  2 spiny frogs
  A komodo dragon (Lair:1)
  2 trolls (D:9)
  A polar bear (Lair:1)
  2 hornets
  2 hippogriffs
  5 yaks (Lair:2)
  3 water moccasins
  8 porcupines (Lair:1)
  2 sky beasts
  An orc warrior (D:8)
  2 ice beasts
  5 ogres
  A phantom (D:7)
  5 centaurs
  3 crocodiles (Lair:1)
  5 bullfrogs
  A big kobold (D:7)
  Blork the orc (D:4)
  A scorpion (D:7)
  A troll skeleton (Lab)
  4 wights (D:7)
  2 howler monkeys
  A crimson imp (D:8)
  A quasit (D:8)
  A bullfrog skeleton (D:5)
  3 hounds
  2 jellies (D:7)
  2 orc priests (D:5)
  5 centaur skeletons
  10 orc wizards
  4 worker ants
  5 iguanas
  A worker ant zombie (D:5)
  13 adders
  3 shadow imps
  An ooze (D:4)
  2 adder skeletons
  3 worms
  2 dart slugs
  6 leopard geckos
  31 orcs
  7 bats
  5 giant cockroaches
  5 goblins
  4 hobgoblins
  12 jackals
  11 kobolds
  7 quokkas
  2 ball pythons
  3 frilled lizards
  2 leopard gecko skeletons (D:4)
  A quokka skeleton (D:4)
  2 rats (D:3)
  3 plants (Lair:1)
227 creatures vanquished.

Vanquished Creatures (others)
  4 fungi (D:9)
  2 plants
6 creatures vanquished.

Grand Total: 233 creatures vanquished

Notes
Turn   | Place    | Note
-------+----------+-------------------------------------------
     0 | D:1      | Hebeh the Deep Dwarf Fighter began the quest for the Orb.
     0 | D:1      | Reached XP level 1. HP: 20/20 MP: 1/1
   237 | D:1      | Reached XP level 2. HP: 27/27 MP: 2/2
   663 | D:2      | Noticed a howler monkey
   669 | D:2      | Reached skill level 3 in Axes
   669 | D:2      | Reached XP level 3. HP: 17/34 MP: 3/3
   672 | D:2      | Reached XP level 4. HP: 19/42 MP: 4/4
  1248 | D:3      | Reached XP level 5. HP: 35/49 MP: 5/5
  1296 | D:3      | Reached skill level 4 in Axes
  2256 | D:4      | Noticed Blork the orc
  2262 | D:4      | Killed Blork the orc
  2262 | D:4      | Reached XP level 6. HP: 38/56 MP: 6/6
  2504 | D:4      | Reached skill level 5 in Axes
  2656 | D:5      | Entered Level 5 of the Dungeon
  2787 | D:5      | Found a burning altar of Makhleb.
  2791 | D:5      | Became a worshipper of Makhleb the Destroyer
  2811 | D:5      | Reached skill level 5 in Armour
  2811 | D:5      | Reached XP level 7. HP: 51/64 MP: 7/7
  2820 | D:5      | Reached skill level 5 in Shields
  2888 | D:5      | Found a white marble altar of Elyvilon.
  2953 | D:5      | Reached skill level 6 in Axes
  3042 | D:5      | Reached * piety under Makhleb
  3344 | D:5      | Found a staircase to the Ecumenical Temple.
  3544 | Temple   | Entered the Ecumenical Temple
  3866 | D:6      | Noticed Hebeh's ghost (novice DDFi)
  3903 | D:6      | Killed Hebeh's ghost
  3903 | D:6      | Reached skill level 5 in Fighting
  3903 | D:6      | Reached skill level 7 in Axes
  3903 | D:6      | Reached XP level 8. HP: 48/74 MP: 6/6
  4063 | D:6      | Reached skill level 8 in Axes
  4671 | D:6      | Gained mutation: You passively map the area around you. [Deep Dwarf growth]
  4671 | D:6      | Reached XP level 9. HP: 57/81 MP: 7/7
  4810 | D:7      | Reached ** piety under Makhleb
  4949 | D:7      | Reached skill level 9 in Axes
  5342 | D:8      | Reached skill level 10 in Axes
  5389 | D:8      | Noticed Gastronok
  5410 | D:8      | Killed Gastronok
  5410 | D:8      | Reached skill level 12 in Axes
  5410 | D:8      | Reached XP level 10. HP: 69/91 MP: 7/7
  5520 | D:8      | Found a radiant altar of Vehumet.
  5520 | D:8      | Found a sacrificial altar of Ru.
  5520 | D:8      | Found a bloodstained altar of Trog.
  5770 | D:8      | Noticed Psyche
  5778 | D:8      | Killed Psyche
  5829 | D:8      | Reached skill level 13 in Axes
  5932 | D:8      | Reached *** piety under Makhleb
  6144 | D:9      | Found Piel's Book Boutique.
  6331 | D:9      | Noticed a two-headed ogre
  6335 | D:9      | Killed a two-headed ogre
  6400 | D:9      | Reached skill level 14 in Axes
  6442 | D:9      | Found a staircase to the Lair.
  6622 | D:9      | Found a shimmering altar of Xom.
  6655 | D:9      | Got a pair of brightly glowing gloves
  6668 | D:9      | Got a polished cloak
  6759 | Lair:1   | Entered Level 1 of the Lair of Beasts
  6759 | Lair:1   | Noticed a spiny frog
  6776 | D:9      | Identified the +1 pair of gloves of Lethargy {rF+ Int+3 Dex-2 Slay+3} (You found it on level 9 of the Dungeon)
  6807 | D:9      | Identified the cursed +0 cloak of Tairy {rF- MP+9 Str+3} (You found it on level 9 of the Dungeon)
  6856 | Lair:1   | Killed a spiny frog
  7140 | Lair:1   | Reached XP level 11. HP: 87/97 MP: 8/8
  7152 | Lair:1   | Noticed Zorot's ghost (journeyman OpMo)
  7171 | Lair:1   | Killed Zorot's ghost
  7250 | Lair:1   | Reached skill level 15 in Axes
  7391 | Lair:1   | Noticed Fannar
  7418 | Lair:1   | Killed Fannar
  7432 | Lair:1   | Noticed an oklob plant
  7433 | Lair:1   | Noticed an oklob plant
  7434 | Lair:1   | Noticed an oklob plant
  8033 | Lair:2   | Noticed a seven-headed hydra
  8265 | Lair:2   | Reached skill level 16 in Axes
  8287 | Lair:2   | Reached skill level 1 in Invocations
  8308 | Lair:2   | Reached skill level 1 in Evocations
  8334 | Lair:2   | Noticed a six-headed hydra
  8378 | Lair:2   | Found a labyrinth entrance.
  8392 | Lab      | Entered a labyrinth
  8452 | Lab      | Reached **** piety under Makhleb
  8452 | Lab      | Reached skill level 1 in Maces & Flails
  8542 | Lab      | Noticed a minotaur
  8556 | Lab      | HP: 4/97 [minotaur/dagger of venom (12)]
  8557 | Lab      | Demolished by a minotaur

Skill      XL: |  1  2  3  4  5  6  7  8  9 10 11 |
---------------+----------------------------------+-----
Fighting       | 3 4 5 6 |  6.0
Axes           | 3 4 5 7 8 12 14 16 | 16.0
Armour         | 4 5 6 7 |  7.4
Shields        | 4 6 7 |  7.3
Invocations    | 1 |  1.4
Evocations     | 1 |  1.4
Maces & Flails | 1 |  1.0

Action                   |  1- 3 |  4- 6 |  7- 9 | 10-12 || total
-------------------------+-------+-------+-------+-------++-------
Melee: War axe           |    85 |   211 |   338 |   209 ||   843
       Mace              |       |       |       |    42 ||    42
 Abil: Heal Wounds       |       |     4 |    17 |    21 ||    42
Evoke: Wand              |       |       |       |     4 ||     4
  Use: Scroll            |       |     1 |     4 |     5 ||    10
       Potion            |       |       |       |     3 ||     3
  Eat: Chunk             |       |     7 |     5 |     4 ||    16
       Ration            |       |       |     1 |     2 ||     3
Armor: Scale mail        |    34 |    82 |   110 |    43 ||   269
       Ring mail         |       |       |       |    90 ||    90
Dodge: Dodged            |    37 |    53 |   103 |    71 ||   264
Block: Shield            |    49 |   109 |   168 |   135 ||   461
